Login

Warheads vs Bunnies

Created - April 14, 2024 at 12:14

Goals
1 2 3 T
Warheads 2 2 1 5
Bunnies 3 0 0 3
Shots
1 2 3 T
Warheads 12 9 9 30
Bunnies 14 9 12 35

GoalsPenalties
1st period
1. Bunnies , Matt Duchene 20 (David Savard 24) at 2:18
2. Warheads , Nicolas Roy 8 (Brock Knuckledunker 23, Cam Fowler 21) at 3:10
3. Warheads , Jack McBain 3 (Radek Faksa 2) at 4:20
4. Bunnies , Nick Jensen 3 (Nick Suzuki 32, Nipples Tenderloin 36) at 8:29
5. Bunnies , Johnny Gaudreau 16 (Brayden Schenn 14, Erik Karlsson 14) at 12:38
No Penalty
2nd period
6. Warheads , Mitchell Marner 15 (Radek Faksa 3, Jack McBain 5) at 3:38
7. Warheads , Mitchell Marner 16 (Radek Faksa 4, Damon Severson 5) at 19:49
Jack McBain (WAR) for Interference (Minor) at 14:41
3rd period
8. Warheads , Brock Knuckledunker 18 (Cam Fowler 22, Ilya Mikheyev 12) at 9:19
Jeremy Lauzon (WAR) for Hooking (Minor) at 11:32
Robert Thomas (WAR) for Tripping (Minor) at 16:41
Goalie Stats
Logan Thompson (WAR), 32 saves from 35 shots - (0.914), W, 27-29-5, 60:00 minutes
Joonas Korpisalo (KOK), 25 saves from 30 shots - (0.833), L, 35-16-4, 60:00 minutes
3 StarsOfficial
1 - Mitchell Marner (WAR)
2 - Radek Faksa (WAR)
3 - Jack McBain (WAR)
Referees : Unknown
Linesman : Unknown
Game Note
No Game Note
Finance
Level 1 -- Attendance: 5031 (83.85%) -- Ticket Income $503,100
Level 2 -- Attendance: 4924 (98.48%) -- Ticket Income $246,200
Level 3 -- Attendance: 1677 (83.85%) -- Ticket Income $58,695
Level 4 -- Attendance: 3010 (75.25%) -- Ticket Income $75,250
Luxury Box -- Attendance: 1000 (100.00%) -- Ticket Income $200,000
Game was played at the California Roll Bowl.
Total Attendance: 15642 (86.90%)
Total Ticket Income: $1,083,245
Other Income: $433,298
Total Income: $1,516,543



Team Name Goals Shots Shots Attemp Shots Blocked PIM HIT PP PK FO%
Warheads 53061116170 / 0 (0.00%052%
Bunnies 33583100380 / 3 (0%)048%

Warheads
Player Name POS G A P +/- PIM HIT SHT SB MP PP MP PP SHT PK MP PK SHT FO% FOT
Andrew CoppC/LW/RW000000008:210:0001:1800% 0
Brock KnuckledunkerC/LW112-1012017:510:0001:28050% 2
Cam FowlerD0221000322:440:0002:2300% 0
Damon SeversonD0111000112:560:0000:4000% 0
Ilya MikheyevLW/RW011-1001018:170:0001:54050% 2
Jack McBainC/LW1123232015:190:0002:1300% 3
Jacob MiddletonD0000051324:290:0003:0300% 0
Jeff CarterC/RW000000107:030:0000:00057% 7
Jeremy LauzonD0001221021:110:0002:0200% 0
John MarinoD0001020222:300:0002:0900% 0
Lawson CrouseLW/RW0000025017:330:0000:03050% 2
Lucas RaymondRW0000004017:300:0000:0000% 0
Lukas ReichelLW/RW000000000:000:0000:0000% 0
Mitchell MarnerRW2023006023:380:0003:28022% 9
Nicolas RoyC/LW/RW101-1012116:230:0000:00061% 18
Radek FaksaC/LW0333002013:070:0000:00050% 20
Robert ThomasC/RW0000203018:590:0001:30068% 19
Timothy LiljegrenD0000010116:090:0001:3700% 0
Bunnies
Player Name POS G A P +/- PIM HIT SHT SB MP PP MP PP SHT PK MP PK SHT FO% FOT
Anthony DeangeloD000000002:452:4500:0000% 0
Brayden SchennC/LW011-1071015:120:0000:00069% 13
Brenden DillonD000-1030416:180:0000:0000% 0
David SavardD0111003217:393:1210:0000% 0
Erik KarlssonD0110003010:223:1220:0000% 0
Filip HronekD000-2040116:080:0000:0000% 0
Jamie BennC/LW0001033019:112:5900:00046% 24
Jeff PetryD0001030121:370:0000:0000% 0
Johnny GaudreauLW101-2004023:582:5910:00050% 2
Matt DucheneC/RW1011015019:112:5900:0000% 3
Nazem KadriC/LW0001032016:120:0000:00050% 2
Nick JensenD101-2034116:080:0000:0000% 0
Nick SuzukiC011-1002019:502:5810:00061% 23
Nipples TenderloinLW/RW011-2013025:372:5800:0000% 3
Radko GudasD000-1070019:032:4500:0000% 0
Rickard RakellLW/RW000-1032119:502:5810:0000% 1
Tyler SeguinC/RW000-100005:470:0000:00043% 7
Vladimir TarasenkoLW/RW000-1003015:120:0000:0000% 4

Warheads

5 vs 5 Forward
Line #Left WingCenterRight WingPHYDFOFWanted %Time %Time Play
1Jack McBainRadek FaksaMitchell Marner1223024%13:07
2Lawson CrouseRobert ThomasLucas Raymond1222832%17:30
3Brock KnuckledunkerNicolas RoyIlya Mikheyev1222630%16:23
4Andrew CoppJeff CarterMitchell Marner1221613%7:03
5 vs 5 Defense
Line #DefenseDefensePHYDFOFWanted %Time %Time Play
1Jeremy LauzonJacob Middleton1223015%8:04
2John MarinoCam Fowler1222838%20:21
3Jacob MiddletonTimothy Liljegren1222626%13:59
4Damon SeversonJeremy Lauzon1221622%11:39
Power Play Forward
Line #Left WingCenterRight WingPHYDFOFWanted %Time %Time Play
1Jack McBainRobert ThomasMitchell Marner122550%0:00
2Lawson CrouseRobert ThomasLucas Raymond122450%0:00
Power Play Defense
Line #DefenseDefensePHYDFOFWanted %Time %Time Play
1Jeremy LauzonJacob Middleton122550%0:00
2John MarinoCam Fowler122450%0:00
Penalty Kill 4 Players Forward
Line #CenterWingPHYDFOFWanted %Time %Time Play
1Mitchell MarnerJack McBain1225561%3:37
2Robert ThomasJack McBain1224539%2:20
Penalty Kill 4 Players Defense
Line #DefenseDefensePHYDFOFWanted %Time %Time Play
1Jeremy LauzonJacob Middleton1225555%3:17
2John MarinoCam Fowler1224545%2:40
Penalty Kill 3 Players
Line #WingPHYDFOFWanted %Time %Time PlayDefenseDefensePHYDFOFWanted %Time %Time Play
1Mitchell Marner122550%0:00 Jeremy LauzonJacob Middleton122550%0:00
2Mitchell Marner122450%0:00 John MarinoCam Fowler122450%0:00
4 vs 4 Forward
Line #CenterWingPHYDFOFWanted %Time %Time Play
1Mitchell MarnerJack McBain122550%0:00
2Robert ThomasJack McBain122450%0:00
4 vs 4 Defense
Line #DefensePHYDFOFWanted %Time %Time Play
1Jeremy LauzonJacob Middleton122550%0:00
2John MarinoCam Fowler122450%0:00
Last Minutes Offensive
Left WingCenterRight WingDefenseDefense
Jack McBainRadek FaksaMitchell MarnerJeremy LauzonJacob Middleton
Last Minutes Defensive
Left WingCenterRight WingDefenseDefense
Jack McBainRadek FaksaMitchell MarnerJeremy LauzonJacob Middleton
Time
Total ForwardTotal DefenseLast Minutes OffensiveLast Minutes Defensive
60:00 60:00 0:000:00
Extra Forwards
Normal PowerPlayPenalty Kill
Mitchell Marner, Nicolas Roy, Ilya MikheyevMitchell Marner, Nicolas RoyIlya Mikheyev
Extra Defensemen
Normal PowerPlayPenalty Kill
Jeremy Lauzon, Timothy Liljegren, Damon SeversonJacob Middleton, Timothy LiljegrenDamon Severson
Penalty Shots
Mitchell Marner, Ilya Mikheyev, Robert Thomas, Jack McBain, Lucas Raymond
Goalie
Logan Thompson, Adin Hill
Custom OT Lines Forwards
Mitchell Marner, Radek Faksa, Robert Thomas, Jack McBain, Lucas Raymond, Lawson Crouse, Brock Knuckledunker, Nicolas Roy, Ilya Mikheyev, Jeff Carter
Custom OT Lines Defensemen
Jeremy Lauzon, Jacob Middleton, John Marino, Cam Fowler, Timothy Liljegren
Scratches
Jordan Greenway (Healthy), Jake Walman (Healthy)

Bunnies

5 vs 5 Forward
Line #Left WingCenterRight WingPHYDFOFWanted %Time %Time Play
1Nipples TenderloinNick SuzukiRickard Rakell1223031%16:52
2Nazem KadriJamie BennMatt Duchene1222830%16:12
3Johnny GaudreauBrayden SchennVladimir Tarasenko1222628%15:12
4Nipples TenderloinTyler SeguinJohnny Gaudreau1221611%5:47
5 vs 5 Defense
Line #DefenseDefensePHYDFOFWanted %Time %Time Play
1Jeff PetryDavid Savard1223027%14:27
2Brenden DillonRadko Gudas1222830%16:18
3Nick JensenFilip Hronek1222630%16:08
4Erik KarlssonJeff Petry1221613%7:10
Power Play Forward
Line #Left WingCenterRight WingPHYDFOFWanted %Time %Time Play
1Nipples TenderloinNick SuzukiRickard Rakell1225550%2:58
2Johnny GaudreauJamie BennMatt Duchene1224550%2:59
Power Play Defense
Line #DefenseDefensePHYDFOFWanted %Time %Time Play
1Erik KarlssonDavid Savard1225554%3:12
2Anthony DeangeloRadko Gudas1224546%2:45
Penalty Kill 4 Players Forward
Line #CenterWingPHYDFOFWanted %Time %Time Play
1Nipples TenderloinJohnny Gaudreau122550%0:00
2Nick SuzukiRickard Rakell122450%0:00
Penalty Kill 4 Players Defense
Line #DefenseDefensePHYDFOFWanted %Time %Time Play
1Jeff PetryDavid Savard122550%0:00
2Brenden DillonRadko Gudas122450%0:00
Penalty Kill 3 Players
Line #WingPHYDFOFWanted %Time %Time PlayDefenseDefensePHYDFOFWanted %Time %Time Play
1Nipples Tenderloin122550%0:00 Jeff PetryDavid Savard122550%0:00
2Johnny Gaudreau122450%0:00 Brenden DillonRadko Gudas122450%0:00
4 vs 4 Forward
Line #CenterWingPHYDFOFWanted %Time %Time Play
1Nipples TenderloinJohnny Gaudreau122550%0:00
2Nick SuzukiRickard Rakell122450%0:00
4 vs 4 Defense
Line #DefensePHYDFOFWanted %Time %Time Play
1Jeff PetryDavid Savard122550%0:00
2Brenden DillonRadko Gudas122450%0:00
Last Minutes Offensive
Left WingCenterRight WingDefenseDefense
Nipples TenderloinNick SuzukiRickard RakellErik KarlssonAnthony Deangelo
Last Minutes Defensive
Left WingCenterRight WingDefenseDefense
Nipples TenderloinNick SuzukiRickard RakellJeff PetryDavid Savard
Time
Total ForwardTotal DefenseLast Minutes OffensiveLast Minutes Defensive
60:00 60:00 0:000:00
Extra Forwards
Normal PowerPlayPenalty Kill
Nipples Tenderloin, Brayden Schenn, Nazem KadriNipples Tenderloin, Brayden SchennNazem Kadri
Extra Defensemen
Normal PowerPlayPenalty Kill
Nick Jensen, Jeff Petry, Erik KarlssonNick Jensen, David SavardErik Karlsson
Penalty Shots
Nipples Tenderloin, Johnny Gaudreau, Nick Suzuki, Rickard Rakell, Jamie Benn
Goalie
Joonas Korpisalo, Semyon Varlamov
Custom OT Lines Forwards
Nipples Tenderloin, Johnny Gaudreau, Nick Suzuki, Rickard Rakell, Jamie Benn, Matt Duchene, Brayden Schenn, Nazem Kadri, Vladimir Tarasenko, Tyler Seguin
Custom OT Lines Defensemen
Jeff Petry, Erik Karlsson, Anthony Deangelo, Radko Gudas, David Savard
Scratches
Mason Appleton (Healthy)


Play-by-Play

1st period


0:01 of 1st period - Nick Suzuki wins face-off versus Mitchell Marner in neutral zone.
0:21 of 1st period - Off-side.
0:22 of 1st period - Jamie Benn wins face-off versus Robert Thomas in neutral zone.
0:25 of 1st period - John Marino is hit by Nazem Kadri and loses puck.
0:39 of 1st period - Icing by John Marino.
0:40 of 1st period - Brayden Schenn wins face-off versus Robert Thomas in Warheads zone.
1:09 of 1st period - Shot by Vladimir Tarasenko.
1:09 of 1st period - Shot Misses the Net.
1:11 of 1st period - Shot by Nick Jensen.
1:11 of 1st period - Stopped by Logan Thompson without a rebound.
1:12 of 1st period - Jamie Benn wins face-off versus Nicolas Roy in Warheads zone.
1:18 of 1st period - Icing by Brock Knuckledunker.
1:19 of 1st period - Nick Suzuki wins face-off versus Nicolas Roy in Warheads zone.
1:24 of 1st period - Shot by Nick Suzuki.
1:24 of 1st period - Shot Blocked by Jacob Middleton.
1:31 of 1st period - Off-side.
1:32 of 1st period - Jeff Carter wins face-off versus Johnny Gaudreau in neutral zone.
1:47 of 1st period - Shot by Andrew Copp.
1:47 of 1st period - Deflect By Mitchell Marner.
1:47 of 1st period - Shot Blocked by Brenden Dillon.
2:01 of 1st period - Shot by Johnny Gaudreau.
2:01 of 1st period - Stopped by Logan Thompson without a rebound.
2:02 of 1st period - Brock Knuckledunker wins face-off versus Jamie Benn in Warheads zone.
2:06 of 1st period - Off-side.
2:07 of 1st period - Nicolas Roy wins face-off versus Jamie Benn in neutral zone.
2:18 of 1st period - Shot by Matt Duchene.
2:18 of 1st period - Goal by Matt Duchene - Warheads : 0 - Bunnies : 1.
2:19 of 1st period - Nick Suzuki wins face-off versus Jack McBain in neutral zone.
2:38 of 1st period - Shot by Mitchell Marner.
2:38 of 1st period - Shot Misses the Net.
3:10 of 1st period - Shot by Nicolas Roy.
3:10 of 1st period - Goal by Nicolas Roy - Warheads : 1 - Bunnies : 1.
3:11 of 1st period - Brayden Schenn wins face-off versus Robert Thomas in neutral zone.
3:29 of 1st period - Shot by Lucas Raymond.
3:29 of 1st period - Stopped by Joonas Korpisalo with a rebound.
3:39 of 1st period - Shot by Robert Thomas.
3:39 of 1st period - Stopped by Joonas Korpisalo without a rebound.
3:40 of 1st period - Nicolas Roy wins face-off versus Jamie Benn in Bunnies zone.
3:43 of 1st period - Shot by Jacob Middleton.
3:43 of 1st period - Stopped by Joonas Korpisalo without a rebound.
3:44 of 1st period - Jamie Benn wins face-off versus Brock Knuckledunker in Bunnies zone.
3:44 of 1st period - Jamie Benn is hit by Brock Knuckledunker.
4:01 of 1st period - Brock Knuckledunker is hit by Radko Gudas and loses puck.
4:11 of 1st period - Brock Knuckledunker is hit by Brenden Dillon and loses puck.
4:14 of 1st period - Shot by Nicolas Roy.
4:14 of 1st period - Deflect By Ilya Mikheyev.
4:14 of 1st period - Stopped by Joonas Korpisalo with a rebound.
4:16 of 1st period - Shot by Jeremy Lauzon.
4:16 of 1st period - Shot Misses the Net.
4:18 of 1st period - Shot by Jeremy Lauzon.
4:18 of 1st period - Stopped by Joonas Korpisalo without a rebound.
4:19 of 1st period - Radek Faksa wins face-off versus Tyler Seguin in Bunnies zone.
4:20 of 1st period - Shot by Jack McBain.
4:20 of 1st period - Goal by Jack McBain - Warheads : 2 - Bunnies : 1.
4:21 of 1st period - Tyler Seguin wins face-off versus Radek Faksa in neutral zone.
4:42 of 1st period - Shot by Tyler Seguin.
4:42 of 1st period - Shot Blocked by Jacob Middleton.
4:51 of 1st period - Jacob Middleton is hit by Nipples Tenderloin and loses puck.
5:23 of 1st period - Mitchell Marner is hit by Radko Gudas and loses puck.
5:40 of 1st period - Shot by Matt Duchene.
5:40 of 1st period - Stopped by Logan Thompson without a rebound.
5:41 of 1st period - Nick Suzuki wins face-off versus Nicolas Roy in Warheads zone.
5:51 of 1st period - Ilya Mikheyev is hit by Filip Hronek and loses puck.
6:21 of 1st period - Ilya Mikheyev is hit by Nick Jensen.
6:46 of 1st period - Matt Duchene is hit by John Marino and loses puck.
7:11 of 1st period - Shot by Matt Duchene.
7:11 of 1st period - Stopped by Logan Thompson with a rebound.
7:13 of 1st period - Shot by Radko Gudas.
7:13 of 1st period - Shot Misses the Net.
7:50 of 1st period - Shot by Andrew Copp.
7:50 of 1st period - Shot Misses the Net.
7:58 of 1st period - Shot by Jeff Petry.
7:58 of 1st period - Shot Misses the Net.
8:00 of 1st period - Shot by David Savard.
8:00 of 1st period - Stopped by Logan Thompson without a rebound.
8:01 of 1st period - Nicolas Roy wins face-off versus Nick Suzuki in Warheads zone.
8:01 of 1st period - Nicolas Roy is hit by Rickard Rakell.
8:10 of 1st period - Brock Knuckledunker is hit by Nick Jensen and loses puck.
8:19 of 1st period - Shot by Rickard Rakell.
8:19 of 1st period - Shot Misses the Net.
8:21 of 1st period - Shot by Nipples Tenderloin.
8:21 of 1st period - Shot Blocked by Damon Severson.
8:23 of 1st period - Shot by Nipples Tenderloin.
8:23 of 1st period - Shot Misses the Net.
8:25 of 1st period - Shot by Nick Jensen.
8:25 of 1st period - Shot Misses the Net.
8:27 of 1st period - Shot by Nick Suzuki.
8:27 of 1st period - Shot Misses the Net.
8:29 of 1st period - Shot by Nick Jensen.
8:29 of 1st period - Goal by Nick Jensen - Warheads : 2 - Bunnies : 2.
8:30 of 1st period - Radek Faksa wins face-off versus Jamie Benn in neutral zone.
8:38 of 1st period - Mitchell Marner is hit by Matt Duchene and loses puck.
8:47 of 1st period - Shot by Mitchell Marner.
8:47 of 1st period - Shot Blocked by Brenden Dillon.
8:49 of 1st period - Shot by Jack McBain.
8:49 of 1st period - Shot Hit the Post.
9:40 of 1st period - Shot by Lucas Raymond.
9:40 of 1st period - Shot Misses the Net.
9:55 of 1st period - Johnny Gaudreau is hit by Jacob Middleton and loses puck.
10:14 of 1st period - Nick Jensen is hit by Nicolas Roy and loses puck.
10:20 of 1st period - Off-side.
10:21 of 1st period - Mitchell Marner wins face-off versus Jamie Benn in neutral zone.
10:28 of 1st period - Jeremy Lauzon is hit by Nazem Kadri and loses puck.
10:43 of 1st period - Shot by Matt Duchene.
10:43 of 1st period - Shot Misses the Net.
10:45 of 1st period - Shot by Jamie Benn.
10:45 of 1st period - Stopped by Logan Thompson with a rebound.
11:16 of 1st period - Off-side.
11:17 of 1st period - Robert Thomas wins face-off versus Vladimir Tarasenko in neutral zone.
11:19 of 1st period - Off-side.
11:20 of 1st period - Robert Thomas wins face-off versus Tyler Seguin in neutral zone.
11:41 of 1st period - Shot by Nipples Tenderloin.
11:41 of 1st period - Stopped by Logan Thompson without a rebound.
11:42 of 1st period - Radek Faksa wins face-off versus Jamie Benn in Warheads zone.
11:42 of 1st period - Mitchell Marner is hit by Jamie Benn and loses puck.
11:55 of 1st period - Shot by Jack McBain.
11:55 of 1st period - Stopped by Joonas Korpisalo without a rebound.
11:56 of 1st period - Brayden Schenn wins face-off versus Nicolas Roy in Bunnies zone.
12:03 of 1st period - Brock Knuckledunker is hit by Brayden Schenn and loses puck.
12:11 of 1st period - Johnny Gaudreau is hit by John Marino and loses puck.
12:34 of 1st period - Shot by Johnny Gaudreau.
12:34 of 1st period - Shot Misses the Net.
12:38 of 1st period - Shot by Brayden Schenn.
12:38 of 1st period - Deflect By Johnny Gaudreau.
12:38 of 1st period - Goal by Johnny Gaudreau - Warheads : 2 - Bunnies : 3.
12:39 of 1st period - Nick Suzuki wins face-off versus Radek Faksa in neutral zone.
12:39 of 1st period - Nick Suzuki is hit by Jack McBain.
12:42 of 1st period - Nipples Tenderloin is hit by Jeremy Lauzon and loses puck.
12:48 of 1st period - Off-side.
12:49 of 1st period - Jeff Carter wins face-off versus Jamie Benn in neutral zone.
13:02 of 1st period - Shot by Mitchell Marner.
13:02 of 1st period - Stopped by Joonas Korpisalo without a rebound.
13:03 of 1st period - Robert Thomas wins face-off versus Nick Suzuki in Bunnies zone.
13:04 of 1st period - Shot by Lawson Crouse.
13:04 of 1st period - Shot Misses the Net.
13:16 of 1st period - Shot by Lucas Raymond.
13:16 of 1st period - Shot Blocked by Jeff Petry.
13:18 of 1st period - Shot by Jacob Middleton.
13:18 of 1st period - Shot Blocked by David Savard.
13:20 of 1st period - Shot by Jacob Middleton.
13:20 of 1st period - Shot Blocked by David Savard.
13:49 of 1st period - David Savard is hit by Lawson Crouse.
14:00 of 1st period - Off-side.
14:01 of 1st period - Radek Faksa wins face-off versus Brayden Schenn in neutral zone.
14:13 of 1st period - Shot by Brayden Schenn.
14:13 of 1st period - Stopped by Logan Thompson without a rebound.
14:14 of 1st period - Jamie Benn wins face-off versus Nicolas Roy in Warheads zone.
14:27 of 1st period - Shot by Nazem Kadri.
14:27 of 1st period - Stopped by Logan Thompson with a rebound.
14:29 of 1st period - Shot by Nazem Kadri.
14:29 of 1st period - Deflect By Jamie Benn.
14:29 of 1st period - Shot Blocked by Cam Fowler.
14:31 of 1st period - Shot by Nick Jensen.
14:31 of 1st period - Stopped by Logan Thompson without a rebound.
14:32 of 1st period - Brayden Schenn wins face-off versus Jack McBain in Warheads zone.
14:35 of 1st period - Shot by Vladimir Tarasenko.
14:35 of 1st period - Stopped by Logan Thompson without a rebound.
14:36 of 1st period - Brayden Schenn wins face-off versus Radek Faksa in Warheads zone.
14:37 of 1st period - Shot by Johnny Gaudreau.
14:37 of 1st period - Shot Misses the Net.
14:45 of 1st period - Shot by Jack McBain.
14:45 of 1st period - Shot Misses the Net.
14:47 of 1st period - Shot by Radek Faksa.
14:47 of 1st period - Shot Hit the Post.
14:49 of 1st period - Shot by Radek Faksa.
14:49 of 1st period - Shot Misses the Net.
14:52 of 1st period - Radek Faksa is hit by Brenden Dillon.
14:58 of 1st period - Shot by Mitchell Marner.
14:58 of 1st period - Shot Misses the Net.
15:00 of 1st period - Shot by Mitchell Marner.
15:00 of 1st period - Stopped by Joonas Korpisalo without a rebound.
15:01 of 1st period - Nick Suzuki wins face-off versus Robert Thomas in Bunnies zone.
15:20 of 1st period - Shot by Nipples Tenderloin.
15:20 of 1st period - Shot Misses the Net.
15:57 of 1st period - Icing by Jacob Middleton.
15:58 of 1st period - Brayden Schenn wins face-off versus Radek Faksa in Warheads zone.
16:16 of 1st period - Off-side.
16:17 of 1st period - Nicolas Roy wins face-off versus Matt Duchene in neutral zone.
16:30 of 1st period - Shot by Brock Knuckledunker.
16:30 of 1st period - Shot Misses the Net.
16:42 of 1st period - Shot by Jamie Benn.
16:42 of 1st period - Shot Misses the Net.
16:48 of 1st period - Shot by Jamie Benn.
16:48 of 1st period - Shot Misses the Net.
16:50 of 1st period - Shot by Jamie Benn.
16:50 of 1st period - Shot Blocked by Jacob Middleton.
18:06 of 1st period - Shot by Lucas Raymond.
18:06 of 1st period - Stopped by Joonas Korpisalo with a rebound.
18:08 of 1st period - Shot by Cam Fowler.
18:08 of 1st period - Shot Misses the Net.
18:10 of 1st period - Shot by Lawson Crouse.
18:10 of 1st period - Stopped by Joonas Korpisalo without a rebound.
18:11 of 1st period - Nick Suzuki wins face-off versus Lawson Crouse in Bunnies zone.
18:49 of 1st period - Shot by Nipples Tenderloin.
18:49 of 1st period - Shot Misses the Net.
18:51 of 1st period - Shot by Nick Suzuki.
18:51 of 1st period - Shot Blocked by Cam Fowler.
18:53 of 1st period - Shot by Erik Karlsson.
18:53 of 1st period - Shot Blocked by John Marino.
18:55 of 1st period - Shot by Rickard Rakell.
18:55 of 1st period - Shot Misses the Net.
19:13 of 1st period - Brenden Dillon is hit by Lawson Crouse and loses puck.
Goals for this period are 2 for Warheads vs 3 for Bunnies.
Shots for this period are 12 for Warheads vs 14 for Bunnies.

2nd period


0:01 of 2nd period - Radek Faksa wins face-off versus Tyler Seguin in neutral zone.
0:08 of 2nd period - Shot by Jack McBain.
0:08 of 2nd period - Shot Misses the Net.
0:44 of 2nd period - Icing by Jacob Middleton.
0:45 of 2nd period - Radek Faksa wins face-off versus Jamie Benn in Warheads zone.
1:15 of 2nd period - Shot by Jamie Benn.
1:15 of 2nd period - Stopped by Logan Thompson without a rebound.
1:16 of 2nd period - Robert Thomas wins face-off versus Nick Suzuki in Warheads zone.
1:16 of 2nd period - Robert Thomas is hit by Rickard Rakell.
1:46 of 2nd period - Shot by Rickard Rakell.
1:46 of 2nd period - Shot Misses the Net.
1:48 of 2nd period - Shot by Nick Suzuki.
1:48 of 2nd period - Deflect By Rickard Rakell.
1:48 of 2nd period - Shot Misses the Net.
1:56 of 2nd period - Shot by Rickard Rakell.
1:56 of 2nd period - Stopped by Logan Thompson with a rebound.
2:40 of 2nd period - Vladimir Tarasenko is hit by Jacob Middleton and loses puck.
2:52 of 2nd period - Icing by Brock Knuckledunker.
2:53 of 2nd period - Nicolas Roy wins face-off versus Nazem Kadri in Warheads zone.
3:20 of 2nd period - Shot by Matt Duchene.
3:20 of 2nd period - Stopped by Logan Thompson without a rebound.
3:21 of 2nd period - Nick Suzuki wins face-off versus Radek Faksa in Warheads zone.
3:22 of 2nd period - Shot by Brenden Dillon.
3:22 of 2nd period - Shot Misses the Net.
3:34 of 2nd period - Shot by Jack McBain.
3:34 of 2nd period - Shot Blocked by Brenden Dillon.
3:36 of 2nd period - Shot by Radek Faksa.
3:36 of 2nd period - Shot Misses the Net.
3:38 of 2nd period - Shot by Mitchell Marner.
3:38 of 2nd period - Goal by Mitchell Marner - Warheads : 3 - Bunnies : 3.
3:39 of 2nd period - Robert Thomas wins face-off versus Brayden Schenn in neutral zone.
3:52 of 2nd period - Shot by Vladimir Tarasenko.
3:52 of 2nd period - Shot Misses the Net.
3:54 of 2nd period - Shot by Vladimir Tarasenko.
3:54 of 2nd period - Stopped by Logan Thompson with a rebound.
3:58 of 2nd period - Shot by Brayden Schenn.
3:58 of 2nd period - Shot Misses the Net.
4:03 of 2nd period - Icing by John Marino.
4:04 of 2nd period - Robert Thomas wins face-off versus Nick Suzuki in Warheads zone.
4:14 of 2nd period - Icing by Filip Hronek.
4:15 of 2nd period - Radek Faksa wins face-off versus Nipples Tenderloin in Bunnies zone.
6:15 of 2nd period - Nicolas Roy is hit by Radko Gudas and loses puck.
6:53 of 2nd period - Nick Suzuki is hit by Jacob Middleton and loses puck.
7:23 of 2nd period - Icing by Cam Fowler.
7:24 of 2nd period - Jamie Benn wins face-off versus Robert Thomas in Warheads zone.
7:25 of 2nd period - Shot by Matt Duchene.
7:25 of 2nd period - Shot Misses the Net.
7:41 of 2nd period - Shot by Lawson Crouse.
7:41 of 2nd period - Stopped by Joonas Korpisalo without a rebound.
7:42 of 2nd period - Jeff Carter wins face-off versus Vladimir Tarasenko in Bunnies zone.
7:42 of 2nd period - John Marino is hit by Jeff Petry and loses puck.
7:49 of 2nd period - Shot by Andrew Copp.
7:49 of 2nd period - Deflect By Mitchell Marner.
7:49 of 2nd period - Shot Misses the Net.
7:51 of 2nd period - Shot by Jeff Carter.
7:51 of 2nd period - Stopped by Joonas Korpisalo without a rebound.
7:52 of 2nd period - Lawson Crouse wins face-off versus Jamie Benn in Bunnies zone.
7:55 of 2nd period - Shot by Lucas Raymond.
7:55 of 2nd period - Stopped by Joonas Korpisalo with a rebound.
8:51 of 2nd period - Off-side.
8:52 of 2nd period - Nicolas Roy wins face-off versus Nick Suzuki in neutral zone.
9:02 of 2nd period - Brock Knuckledunker is hit by Nick Jensen and loses puck.
9:08 of 2nd period - Brock Knuckledunker is hit by Filip Hronek and loses puck.
9:24 of 2nd period - Nick Suzuki is hit by Jacob Middleton and loses puck.
9:54 of 2nd period - Johnny Gaudreau is hit by Timothy Liljegren and loses puck.
10:40 of 2nd period - Mitchell Marner is hit by Nazem Kadri and loses puck.
10:54 of 2nd period - Mitchell Marner is hit by Radko Gudas and loses puck.
11:37 of 2nd period - Shot by Lucas Raymond.
11:37 of 2nd period - Stopped by Joonas Korpisalo without a rebound.
11:38 of 2nd period - Robert Thomas wins face-off versus Nipples Tenderloin in Bunnies zone.
11:53 of 2nd period - Shot by Robert Thomas.
11:53 of 2nd period - Shot Blocked by Rickard Rakell.
12:02 of 2nd period - Icing by Nick Suzuki.
12:03 of 2nd period - Radek Faksa wins face-off versus Nipples Tenderloin in Bunnies zone.
12:06 of 2nd period - Shot by Mitchell Marner.
12:06 of 2nd period - Shot Blocked by Filip Hronek.
12:44 of 2nd period - Nicolas Roy is hit by Brayden Schenn.
13:44 of 2nd period - Shot by Nazem Kadri.
13:44 of 2nd period - Shot Misses the Net.
14:14 of 2nd period - Shot by Nick Suzuki.
14:14 of 2nd period - Shot Misses the Net.
14:16 of 2nd period - Shot by Nick Suzuki.
14:16 of 2nd period - Shot Blocked by Cam Fowler.
14:18 of 2nd period - Shot by Nick Suzuki.
14:18 of 2nd period - Stopped by Logan Thompson without a rebound.
14:19 of 2nd period - Nick Suzuki wins face-off versus Radek Faksa in Warheads zone.
14:20 of 2nd period - Shot by Nipples Tenderloin.
14:20 of 2nd period - Stopped by Logan Thompson without a rebound.
14:21 of 2nd period - Tyler Seguin wins face-off versus Radek Faksa in Warheads zone.
14:41 of 2nd period - Minor Penalty to Jack McBain for Interference.
14:42 of 2nd period - Nick Suzuki wins face-off versus Mitchell Marner in Warheads zone.
14:45 of 2nd period - Shot by Erik Karlsson.
14:45 of 2nd period - Shot Misses the Net.
14:47 of 2nd period - Shot by Nick Suzuki.
14:47 of 2nd period - Shot Misses the Net.
14:49 of 2nd period - Shot by Nipples Tenderloin.
14:49 of 2nd period - Deflect By Rickard Rakell.
14:49 of 2nd period - Stopped by Logan Thompson with a rebound.
15:36 of 2nd period - Icing by Anthony Deangelo.
15:37 of 2nd period - Jamie Benn wins face-off versus Mitchell Marner in Bunnies zone.
16:58 of 2nd period - Damon Severson is hit by Brayden Schenn and loses puck.
17:13 of 2nd period - Shot by Johnny Gaudreau.
17:13 of 2nd period - Stopped by Logan Thompson without a rebound.
17:14 of 2nd period - Radek Faksa wins face-off versus Matt Duchene in Warheads zone.
17:14 of 2nd period - Radek Faksa is hit by Jamie Benn.
17:37 of 2nd period - Shot by Erik Karlsson.
17:37 of 2nd period - Stopped by Logan Thompson without a rebound.
17:38 of 2nd period - Nicolas Roy wins face-off versus Nick Suzuki in Warheads zone.
17:44 of 2nd period - Brock Knuckledunker is hit by Brenden Dillon.
18:14 of 2nd period - Shot by Nipples Tenderloin.
18:14 of 2nd period - Shot Misses the Net.
19:16 of 2nd period - Shot by Robert Thomas.
19:16 of 2nd period - Stopped by Joonas Korpisalo without a rebound.
19:17 of 2nd period - Brayden Schenn wins face-off versus Mitchell Marner in Bunnies zone.
19:37 of 2nd period - Shot by Mitchell Marner.
19:37 of 2nd period - Shot Misses the Net.
19:43 of 2nd period - Shot by Mitchell Marner.
19:43 of 2nd period - Stopped by Joonas Korpisalo with a rebound.
19:45 of 2nd period - Shot by Mitchell Marner.
19:45 of 2nd period - Shot Misses the Net.
19:47 of 2nd period - Shot by Radek Faksa.
19:47 of 2nd period - Stopped by Joonas Korpisalo with a rebound.
19:49 of 2nd period - Shot by Mitchell Marner.
19:49 of 2nd period - Goal by Mitchell Marner - Warheads : 4 - Bunnies : 3.
19:50 of 2nd period - Robert Thomas wins face-off versus Jamie Benn in neutral zone.
Goals for this period are 2 for Warheads vs 0 for Bunnies.
Shots for this period are 9 for Warheads vs 9 for Bunnies.

3rd period


0:01 of 3rd period - Tyler Seguin wins face-off versus Jeff Carter in neutral zone.
0:54 of 3rd period - Shot by Matt Duchene.
0:54 of 3rd period - Shot Misses the Net.
1:24 of 3rd period - Shot by Matt Duchene.
1:24 of 3rd period - Stopped by Logan Thompson without a rebound.
1:25 of 3rd period - Robert Thomas wins face-off versus Nick Suzuki in Warheads zone.
1:25 of 3rd period - Cam Fowler is hit by Rickard Rakell and loses puck.
2:49 of 3rd period - Shot by Vladimir Tarasenko.
2:49 of 3rd period - Shot Blocked by Nicolas Roy.
2:58 of 3rd period - Icing by Brayden Schenn.
2:59 of 3rd period - Brayden Schenn wins face-off versus Radek Faksa in Bunnies zone.
3:51 of 3rd period - Shot by Nazem Kadri.
3:51 of 3rd period - Shot Misses the Net.
3:56 of 3rd period - Icing by John Marino.
3:57 of 3rd period - Nicolas Roy wins face-off versus Nick Suzuki in Warheads zone.
4:18 of 3rd period - Shot by Nipples Tenderloin.
4:18 of 3rd period - Stopped by Logan Thompson with a rebound.
5:12 of 3rd period - Icing by David Savard.
5:13 of 3rd period - Brayden Schenn wins face-off versus Radek Faksa in Bunnies zone.
5:24 of 3rd period - Shot by Vladimir Tarasenko.
5:24 of 3rd period - Stopped by Logan Thompson without a rebound.
5:25 of 3rd period - Jamie Benn wins face-off versus Jeff Carter in Warheads zone.
5:25 of 3rd period - Jamie Benn is hit by Jeremy Lauzon.
5:29 of 3rd period - Shot by Nazem Kadri.
5:29 of 3rd period - Shot Misses the Net.
5:43 of 3rd period - Shot by Mitchell Marner.
5:43 of 3rd period - Shot Misses the Net.
5:45 of 3rd period - Shot by Andrew Copp.
5:45 of 3rd period - Deflect By Mitchell Marner.
5:45 of 3rd period - Stopped by Joonas Korpisalo without a rebound.
5:46 of 3rd period - Robert Thomas wins face-off versus Tyler Seguin in Bunnies zone.
5:50 of 3rd period - Lucas Raymond is hit by Jeff Petry and loses puck.
6:23 of 3rd period - Robert Thomas is hit by Jeff Petry.
6:43 of 3rd period - Nipples Tenderloin is hit by Jack McBain and loses puck.
6:48 of 3rd period - Shot by Radek Faksa.
6:48 of 3rd period - Stopped by Joonas Korpisalo without a rebound.
6:49 of 3rd period - Nicolas Roy wins face-off versus Jamie Benn in Bunnies zone.
6:49 of 3rd period - Nicolas Roy is hit by Radko Gudas.
7:05 of 3rd period - Shot by Jamie Benn.
7:05 of 3rd period - Stopped by Logan Thompson without a rebound.
7:06 of 3rd period - Radek Faksa wins face-off versus Matt Duchene in Warheads zone.
7:17 of 3rd period - Jamie Benn is hit by Jack McBain and loses puck.
8:07 of 3rd period - Nick Suzuki is hit by Jacob Middleton and loses puck.
8:52 of 3rd period - Shot by Robert Thomas.
8:52 of 3rd period - Stopped by Joonas Korpisalo with a rebound.
8:54 of 3rd period - Shot by Lawson Crouse.
8:54 of 3rd period - Stopped by Joonas Korpisalo without a rebound.
8:55 of 3rd period - Nicolas Roy wins face-off versus Brayden Schenn in Bunnies zone.
8:55 of 3rd period - Ilya Mikheyev is hit by Filip Hronek and loses puck.
9:03 of 3rd period - Brock Knuckledunker is hit by Filip Hronek.
9:05 of 3rd period - Shot by Ilya Mikheyev.
9:05 of 3rd period - Shot Blocked by Nick Jensen.
9:15 of 3rd period - Shot by Brock Knuckledunker.
9:15 of 3rd period - Shot Misses the Net.
9:19 of 3rd period - Shot by Brock Knuckledunker.
9:19 of 3rd period - Goal by Brock Knuckledunker - Warheads : 5 - Bunnies : 3.
9:20 of 3rd period - Jamie Benn wins face-off versus Robert Thomas in neutral zone.
9:38 of 3rd period - Shot by Lucas Raymond.
9:38 of 3rd period - Deflect By Lawson Crouse.
9:38 of 3rd period - Shot Misses the Net.
9:40 of 3rd period - Shot by Lawson Crouse.
9:40 of 3rd period - Shot Misses the Net.
9:42 of 3rd period - Shot by Lawson Crouse.
9:42 of 3rd period - Stopped by Joonas Korpisalo with a rebound.
9:44 of 3rd period - Shot by Lawson Crouse.
9:44 of 3rd period - Stopped by Joonas Korpisalo with a rebound.
9:51 of 3rd period - Icing by Jamie Benn.
9:52 of 3rd period - Jamie Benn wins face-off versus Nicolas Roy in Bunnies zone.
10:45 of 3rd period - Icing by John Marino.
10:46 of 3rd period - Nick Suzuki wins face-off versus Ilya Mikheyev in Warheads zone.
11:05 of 3rd period - Shot by Nick Suzuki.
11:05 of 3rd period - Shot Misses the Net.
11:07 of 3rd period - Shot by Nick Jensen.
11:07 of 3rd period - Stopped by Logan Thompson without a rebound.
11:08 of 3rd period - Mitchell Marner wins face-off versus Vladimir Tarasenko in Warheads zone.
11:08 of 3rd period - Mitchell Marner is hit by Brayden Schenn.
11:20 of 3rd period - Jack McBain is hit by Brayden Schenn and loses puck.
11:32 of 3rd period - Minor Penalty to Jeremy Lauzon for Hooking.
11:33 of 3rd period - Nick Suzuki wins face-off versus Mitchell Marner in Warheads zone.
12:11 of 3rd period - Shot by Rickard Rakell.
12:11 of 3rd period - Shot Misses the Net.
12:13 of 3rd period - Shot by Nick Suzuki.
12:13 of 3rd period - Shot Misses the Net.
12:51 of 3rd period - Shot by Erik Karlsson.
12:51 of 3rd period - Stopped by Logan Thompson with a rebound.
13:22 of 3rd period - Shot by Nick Suzuki.
13:22 of 3rd period - Stopped by Logan Thompson without a rebound.
13:23 of 3rd period - Jamie Benn wins face-off versus Jack McBain in Warheads zone.
13:28 of 3rd period - Shot by Johnny Gaudreau.
13:28 of 3rd period - Shot Misses the Net.
13:30 of 3rd period - Shot by David Savard.
13:30 of 3rd period - Stopped by Logan Thompson with a rebound.
14:09 of 3rd period - Icing by Jeremy Lauzon.
14:10 of 3rd period - Robert Thomas wins face-off versus Nick Suzuki in Warheads zone.
14:37 of 3rd period - Off-side.
14:38 of 3rd period - Nicolas Roy wins face-off versus Jamie Benn in neutral zone.
14:44 of 3rd period - Ilya Mikheyev is hit by Radko Gudas and loses puck.
14:51 of 3rd period - Shot by Brock Knuckledunker.
14:51 of 3rd period - Stopped by Joonas Korpisalo with a rebound.
14:53 of 3rd period - Shot by Nicolas Roy.
14:53 of 3rd period - Stopped by Joonas Korpisalo without a rebound.
14:54 of 3rd period - Nick Suzuki wins face-off versus Radek Faksa in Bunnies zone.
15:23 of 3rd period - Off-side.
15:24 of 3rd period - Nazem Kadri wins face-off versus Nicolas Roy in neutral zone.
15:27 of 3rd period - Shot by Matt Duchene.
15:27 of 3rd period - Shot Misses the Net.
15:47 of 3rd period - Shot by Nazem Kadri.
15:47 of 3rd period - Stopped by Logan Thompson without a rebound.
15:48 of 3rd period - Jeff Carter wins face-off versus Brayden Schenn in Warheads zone.
16:19 of 3rd period - Mitchell Marner is hit by Brayden Schenn and loses puck.
16:24 of 3rd period - Shot by Brayden Schenn.
16:24 of 3rd period - Shot Blocked by John Marino.
16:26 of 3rd period - Shot by Jeff Petry.
16:26 of 3rd period - Shot Misses the Net.
16:28 of 3rd period - Shot by Vladimir Tarasenko.
16:28 of 3rd period - Shot Misses the Net.
16:30 of 3rd period - Shot by David Savard.
16:30 of 3rd period - Stopped by Logan Thompson without a rebound.
16:31 of 3rd period - Robert Thomas wins face-off versus Rickard Rakell in Warheads zone.
16:36 of 3rd period - Shot by Robert Thomas.
16:36 of 3rd period - Shot Blocked by Brenden Dillon.
16:41 of 3rd period - Minor Penalty to Robert Thomas for Tripping.
16:42 of 3rd period - Nick Suzuki wins face-off versus Mitchell Marner in Warheads zone.
16:57 of 3rd period - Shot by Nipples Tenderloin.
16:57 of 3rd period - Shot Misses the Net.
17:37 of 3rd period - Brock Knuckledunker is hit by Jamie Benn and loses puck.
17:42 of 3rd period - Shot by Erik Karlsson.
17:42 of 3rd period - Stopped by Logan Thompson without a rebound.
17:43 of 3rd period - Jamie Benn wins face-off versus Mitchell Marner in Warheads zone.
17:56 of 3rd period - Shot by Johnny Gaudreau.
17:56 of 3rd period - Stopped by Logan Thompson without a rebound.
17:57 of 3rd period - Ilya Mikheyev wins face-off versus Jamie Benn in Warheads zone.
18:52 of 3rd period - Shot by Nick Suzuki.
18:52 of 3rd period - Shot Blocked by Timothy Liljegren.
19:32 of 3rd period - Icing by Timothy Liljegren.
19:33 of 3rd period - Robert Thomas wins face-off versus Vladimir Tarasenko in Warheads zone.
19:33 of 3rd period - Robert Thomas is hit by Brayden Schenn.
19:38 of 3rd period - Lawson Crouse is hit by Radko Gudas.
19:41 of 3rd period - Icing by Brenden Dillon.
19:42 of 3rd period - Johnny Gaudreau wins face-off versus Jeff Carter in Bunnies zone.
Goals for this period are 1 for Warheads vs 0 for Bunnies.
Shots for this period are 9 for Warheads vs 12 for Bunnies.